 Dungeon Crawl Stone Soup version 0.28-a0-657-g71136c5590 (webtiles) character file.

Game seed: 1264042952751504255

27 Woods the Insei (level 2, -1/22 HPs)
             Began as a Demonspawn Transmuter on Oct 13, 2021.
             Slain by a kobold (2 damage)
             ... on level 2 of the Dungeon.
             The game lasted 00:01:18 (1283 turns).

Woods the Insei (Demonspawn Transmuter)             Turns: 1283, Time: 00:01:18

Health: -1/22      AC:  2    Str: 10    XL:     2   Next: 93%
Magic:  5/5        EV: 12    Int: 14    God:
Gold:   35         SH:  0    Dex: 13    Spells: 4/5 levels left

rFire   . . .      SeeInvis .     - Unarmed
rCold   . . .      Faith    .   (no shield)
rNeg    . . .      Spirit   .   a - +0 robe
rPois   .          Reflect  .   (no helmet)
rElec   .          Harm     .   (no cloak)
rCorr   .          Rampage  .   (no gloves)
Will    .....                   (no boots)
Stlth   +.........              (no amulet)
HPRegen 0.07/turn               (no ring)
MPRegen 0.09/turn               (no ring)

@: no status effects
A: claws 1
a: no special abilities


You were on level 2 of the Dungeon.
You visited 1 branch of the dungeon, and saw 2 of its levels.

You collected 35 gold pieces.

Inventory:

Armour
 a - a +0 robe (worn)
Jewellery
 b - a ring of flight
Scrolls
 c - a scroll of fear {unknown}
 d - a scroll of identify {unknown}
 f - a scroll of teleportation {unknown}
Potions
 e - a potion of haste {unknown}


   Skills:
 + Level 2.1 Fighting
 - Level 1.7 Dodging
 + Level 3.3 Unarmed Combat
 - Level 2.0 Spellcasting
 - Level 1.7 Transmutations


You had 4 spell levels left.
You knew the following spells:

 Your Spells              Type           Power      Damage    Failure   Level
a - Beastly Appendage     Tmut           12%        N/A       12%         1

Your spell library contained the following spells:

 Spells                   Type           Power      Damage    Failure   Level
 Wereblood                Tmut           6%         N/A       17%         2
 Spider Form              Tmut/Pois      1%         N/A       45%         3
 Ice Form                 Ice/Tmut       3%         N/A       86%         4


Dungeon Overview and Level Annotations

Branches:
Dungeon (2/15)

Altars:


Innate Abilities, Weirdness & Mutations

You have sharp fingernails.


Message History

Casting: Beastly Appendage (safe; 12% risk of failure)
Confirm with . or Enter, or press ? or * to list all spells.
You grow a pair of large bovine horns.
Your feet morph into talons.
Your transformation is almost over.
The kobold shouts!
You hear a shout!
The kobold throws a stone.
The stone hits you but does no damage.
The kobold throws a stone.
The stone misses you. The rat closely misses you.
You scratch the rat.
You kill the rat!
The kobold throws a stone.
The stone hits you.
You see here a rat corpse.
An adder comes into view.
The kobold throws a stone.
The stone misses you.
There is a stone staircase leading down here.
The adder hisses angrily.
You scratch the kobold. Your claw misses the kobold.
The kobold is severely wounded.
The kobold hits you with a +0 dagger.
You scratch the kobold.
You kill the kobold!
The kobold hits you but does no damage.
Things that are here:
a +0 dagger; 4 stones You barely miss the adder.
Your headbutt misses the adder. The adder barely misses you.
The kobold hits you with a +0 short sword.
You closely miss the adder. Your kick misses the adder. The adder misses you.
The kobold hits you with a +0 short sword.
The adder bites you.
* * * LOW HITPOINT WARNING * * *
You are too injured to fight recklessly!
You scratch the adder but do no damage.
The kobold hits you with a +0 short sword.
* * * LOW HITPOINT WARNING * * *
The adder barely misses you.
You barely miss the adder. You claw the adder.
The adder is heavily wounded.
Your horns disappear.
Your talons disappear.
The kobold hits you with a +0 short sword.
You die...

#####.# #..
####.....###.#
..........##.#
#.........#.#
#.......†.#.#
#.........#.########
#####..:................
..............#.........
......K@>†..............
....(.S.................
...(....................
........................
#.###...................
# ##.......##......)..
##.....####....†[..
####### #####.### #.#


You could see an adder and a kobold.

Vanquished Creatures
  2 endoplasms (D:1)
  A giant cockroach (D:2)
  5 goblins (D:1)
  A quokka (D:1)
  4 ball pythons
  5 bats
  2 frilled lizards (D:1)
  5 kobolds
  A rat (D:2)
26 creatures vanquished.

Notes
Turn   | Place    | Note
-------+----------+-------------------------------------------
     0 | D:1      | Woods the Demonspawn Transmuter began the quest for the
                  | Orb.
     0 | D:1      | Reached XP level 1. HP: 15/15 MP: 3/3
     6 | D:1      | Noticed a black bear
     6 | D:1      | Noticed an anaconda
     6 | D:1      | Noticed a hog
     7 | D:1      | Noticed a lindwurm
     7 | D:1      | Noticed a swamp drake
   481 | D:1      | Reached skill level 3 in Unarmed Combat
   484 | D:1      | Discovered your monstrous ancestry.
   484 | D:1      | Gained mutation: You have sharp fingernails. [demonic
                  | ancestry]
   484 | D:1      | Reached XP level 2. HP: 19/21 MP: 3/5
   792 | D:1      | Found a faded altar of an unknown god.
  1282 | D:2      | HP: 1/22 [kobold (5)]
  1283 | D:2      | Slain by a kobold

Illustrated notes

Levels and vault maps discovered:
D:1:      onia_arrival_zoo_common, layout_basic,
          hellmonk_ecumenical_altar_prayer_group
D:2:      layout_rooms

Skill      XL: |  1  2 |
---------------+-------+-----
Unarmed Combat | 3 |  3.3
Fighting       | 2 |  2.1
Dodging        | |  1.7
Spellcasting   | |  2.0
Transmutations | |  1.7

Action                   || total
-------------------------++-------
Melee: Unarmed           ||    60
       Kick              ||     9
       Headbutt          ||     2
 Cast: Beastly Appendage ||    17
 Stab: Sleeping          ||     2
Armor: Robe              ||    11
Dodge: Dodged            ||    36

Table legend: (Time is in decaauts)
 A = Elapsed time spent in this place.
 B = Non-inter-level travel time spent in this place.
 C = Inter-level travel time spent in this place.
 D = Time resting spent in this place.
 E = Time spent auto-exploring this place.
 F = Levels seen in this place.
 G = Mean time per level.
                   A        B        C        D        E       F      G
               +--------+--------+--------+--------+--------+-----+--------+
         Total |   1280 |   1264 |     16 |      0 |   1089 |   2 |  640.0 |
       Dungeon |   1280 |   1264 |     16 |      0 |   1089 |   2 |  640.0 |
               +--------+--------+--------+--------+--------+-----+--------+

Top non-repeatable levels by time:
     D:1: 1089 daAuts
     D:2: 190 daAuts
